 Dungeon Crawl Stone Soup version 0.31.0-11-ge490571c62 (webtiles) character file.

Game seed: 3271422924386583920

425 qw the Shooter (level 6, -3/30 HPs)
             Began as a Spriggan Hunter on Feb 3, 2024.
             Slain by a gnoll sergeant
             ... wielding a +2 trident of venom
              (8 damage)
             ... on level 5 of the Dungeon.
             The game lasted 00:00:11 (2869 turns).

qw the Shooter (Spriggan Hunter)                    Turns: 2869, Time: 00:00:12

Health: -3/30      AC:  7    Str:  7    XL:     6   Next: 64%
Magic:  7/7        EV: 21    Int: 10    God:
Gold:   152        SH:  0    Dex: 21    Spells: 5/5 levels left

rFire   . . .        a - +0 shortbow
rCold   . . .        (shield currently unavailable)
rNeg    . . .        c - +0 robe
rPois   .            h - +1 hat
rElec   .            (no cloak)
rCorr   .            (gloves unavailable)
SInv    +            (boots unavailable)
Will    ++...        e - amulet of regeneration
Stlth   ++           i - +4 ring of protection
HPRegen 1.05/turn    l - ring of willpower
MPRegen 0.10/turn

%: no passive effects
@: lethally poisoned (-3 -> -8), very quick
A: very small, no large weapons, unfitting armour, see invisible, speed 3
a: no special abilities


You were on level 5 of the Dungeon.
You visited 1 branch of the dungeon, and saw 5 of its levels.

You collected 152 gold pieces.


Innate Abilities, Weirdness & Mutations

You are very small and have problems with some larger weapons.
You are too small for most types of armour.
You have supernaturally acute eyesight. (SInv)
You cover ground extremely quickly. (Speed+++)


   Skills:
 - Level 2.1 Fighting
 + Level 6.7 Ranged Weapons
 - Level 6.0 Dodging
 - Level 1.5 Stealth


You had 5 spell levels left.
You didn't know any spells.
Your spell library was empty.

Inventory:

Hand Weapons
 a - a +0 shortbow (weapon)
Armour
 c - a +0 robe (worn)
 h - a +1 hat (worn)
Jewellery
 e - an amulet of regeneration (around neck)
 i - a +4 ring of protection (left hand)
 l - a ring of willpower (right hand)
Wands
 f - a wand of polymorph (13)
 k - a wand of flame (15)
Potions
 d - a potion of might
 g - 3 potions of enlightenment
 n - a potion of invisibility {unknown}
 o - a potion of curing {unknown}

Dungeon Overview and Level Annotations

Branches:
Dungeon (5/15)
 Temple: D:4-7

Altars:
Ru
Sif Muna

Shops:
D:1 [

Annotations:
D:5 3 runed translucent doors, qw's ghost, amateur DEHu


Message History

The gnoll is moderately wounded.
A gnoll comes into view. It is wielding a +0 club.
The gnoll misses you.
You shoot an arrow. The arrow hits the gnoll!
The gnoll is almost dead.
The gnoll completely misses you.
You shoot an arrow.
The arrow hits the gnoll but does no damage.
The gnoll hits you with a +0 club.
You shoot an arrow. The arrow barely misses the gnoll.
The gnoll misses you.
You shoot an arrow. The arrow hits the gnoll!
The gnoll is severely wounded.
The gnoll closely misses you.
The gnoll sergeant hits you from afar with a +2 trident of venom.
You are poisoned.
You shoot an arrow.
The arrow hits the gnoll but does no damage.
The gnoll is severely wounded.
You feel very sick. The gnoll misses you.
The gnoll sergeant completely misses you.
You shoot an arrow. The arrow completely misses the gnoll.
You feel sick. The gnoll misses you. The gnoll sergeant misses you.
You shoot an arrow. The arrow hits the gnoll!
You kill the gnoll!
You feel sick.
The gnoll sergeant hits you from afar with a +2 trident of venom!
You are lethally poisoned!
You shoot an arrow. The arrow hits the gnoll.
You kill the gnoll!
You feel very sick. The gnoll sergeant closely misses you.
The gnoll closely misses you.
The gnoll sergeant completely misses you.
You shoot an arrow.
The arrow hits the gnoll but does no damage.
You feel very sick. The gnoll completely misses you.
The gnoll sergeant hits you from afar with a +2 trident of venom!
You die...

#.#
#.......
#.#
#.......
#.#
########
#.# #.#
#.# #.#
#.# #@#
#.ggg....
#######+#


You could see a gnoll sergeant and 2 gnolls.

Vanquished Creatures
  A phantom (D:4)
  2 bombardier beetles
  A jelly (D:5)
  2 sleepcaps
  Jessica (D:3)
  An iguana (D:4)
  An orc wizard (D:4)
  2 gnolls (D:5)
  2 adders (D:3)
  3 ribbon worms
  3 dart slugs
  4 orcs (D:4)
  12 ball pythons
  3 bats
  4 endoplasms
  6 giant cockroaches
  2 goblins
  5 hobgoblins
  2 jackals (D:1)
  A quokka (D:4)
  4 frilled lizards
  8 kobolds
  6 rats
76 creatures vanquished.

Notes
Turn   | Place    | Note
-------+----------+-------------------------------------------
     0 | D:1      | qw the Spriggan Hunter began the quest for the Orb.
     0 | D:1      | Reached XP level 1. HP: 10/10 MP: 2/2
     0 | D:1      | 0 ||| qw: Version: 0.3-a-157-g843a77d
     0 | D:1      | 0 ||| qw: Game counter: 3778
     0 | D:1      | 0 ||| qw: Melee chars always use a shield: true
     0 | D:1      | 0 ||| qw: God list: Okawaru
     0 | D:1      | 0 ||| qw: Allow faded altars: false
     0 | D:1      | 0 ||| qw: Do Orc after clearing Dungeon:15 true
     0 | D:1      | 0 ||| qw: Do second Lair branch before Depths: true
     0 | D:1      | 0 ||| qw: Lair rune preference: random
     0 | D:1      | 0 ||| qw: Goals: Normal
     0 | D:1      | 0 ||| PLANNING D:1-11
    24 | D:1      | Reached skill level 3 in Dodging
    35 | D:1      | Reached XP level 2. HP: 13/14 MP: 3/3
   121 | D:1      | Found Kab Narr's Armour Boutique.
   387 | D:1      | 387 ||| DROPPING ring of wizardry.
   388 | D:1      | 388 ||| DROPPING +6 ring of intelligence.
   389 | D:1      | 389 ||| READING scroll labelled DOOGIPIEF.
   390 | D:1      | 390 ||| READING scroll labelled ZAFATOU PEJAO.
   391 | D:1      | 391 ||| READING scroll labelled ZAEMNI XABRAWK.
   391 | D:1      | 391 ||| IDENTIFYING yellow potion
   392 | D:1      | 392 ||| DROPPING scroll of butterflies.
   393 | D:1      | 393 ||| DROPPING potion of lignification.
   542 | D:2      | Reached XP level 3. HP: 18/18 MP: 4/4
  1057 | D:2      | 1057 ||| UPGRADING to +4 ring of protection.
  1058 | D:2      | 1058 ||| READING 2 scrolls of identify.
  1058 | D:2      | 1058 ||| IDENTIFYING grey potion
  1059 | D:2      | 1059 ||| READING scroll of identify.
  1059 | D:2      | 1059 ||| IDENTIFYING viscous inky potion
  1060 | D:2      | 1060 ||| READING scroll labelled EVIASA GUPP.
  1061 | D:2      | 1061 ||| READING scroll labelled URILAU ODGHIS.
  1062 | D:2      | 1062 ||| READING scroll labelled WUUWNAA UDGHIAME.
  1097 | D:2      | 1097 ||| DROPPING potion of degeneration.
  1160 | D:3      | Reached XP level 4. HP: 22/22 MP: 5/5
  1379 | D:3      | Found a sacrificial altar of Ru.
  1447 | D:3      | Noticed Jessica
  1456 | D:3      | Killed Jessica
  1462 | D:3      | Found a shimmering blue altar of Sif Muna.
  1520 | D:3      | Reached XP level 5. HP: 26/26 MP: 6/6
  1774 | D:3      | 1774 ||| UPGRADING to +1 hat.
  1779 | D:3      | 1779 ||| READING scroll labelled ZOSILE CIPP.
  1782 | D:3      | 1782 ||| READING scroll labelled LYIZEM YTUIV.
  1783 | D:3      | 1783 ||| DRINKING 2 dark potions.
  2026 | D:4      | Noticed a phantom
  2027 | D:4      | 2027 ||| DRINKING potion of haste.
  2038 | D:4      | Killed a phantom
  2039 | D:4      | Reached skill level 6 in Ranged Weapons
  2039 | D:4      | Reached XP level 6. HP: 29/30 MP: 7/7
  2206 | D:4      | Identified the +7 spear of Might {drain, rF+ rC- MP+9}
  2339 | D:4      | Reached skill level 6 in Dodging
  2587 | D:4      | 2587 ||| UPGRADING to amulet of regeneration.
  2592 | D:4      | 2592 ||| UPGRADING to ring of willpower.
  2593 | D:4      | 2593 ||| READING 2 scrolls of identify.
  2593 | D:4      | 2593 ||| IDENTIFYING blue potion
  2594 | D:4      | 2594 ||| READING scroll of identify.
  2594 | D:4      | 2594 ||| IDENTIFYING pink potion
  2595 | D:4      | 2595 ||| READING scroll labelled WEAMUNI GENNI.
  2696 | D:4      | 2696 ||| DROPPING potion of ambrosia.
  2727 | D:5      | Entered Level 5 of the Dungeon
  2779 | D:5      | Found a runed translucent gate.
  2780 | D:5      | Found a runed translucent gate.
  2781 | D:5      | Found a runed translucent gate.
  2783 | D:5      | Noticed qw's ghost (amateur DEHu)
  2869 | D:5      | HP: 5/30 [poisoned by a gnoll sergeant]
  2869 | D:5      | Slain by a gnoll sergeant

Levels and vault maps discovered:
D:1:      dpeg_arrival_tiny_j, layout_rooms, serial_shops, shop_statue,
          minmay_vboxes
D:2:      layout_basic
D:3:      layout_basic, tgw_sif, mainiacjoe_overflow_brackets, hellmonk_no_cap
D:4:      layout_loops_ring, eino_tiny_chamber
D:5:      layout_basic, minmay_overflow_temple_star_quad,
          mainiacjoe_overflow_tiny_flanked, minmay_temple_entry_grid,
          ebering_ghost_rock_garden

Skill      XL: |  1  2  3  4  5  6 |
---------------+-------------------+-----
Dodging        | 3 4 5 6 |  6.0
Ranged Weapons | 5 6 |  6.7
Fighting       | 2 |  2.1
Stealth        | |  1.5

Action                     |  1- 3 |  4- 6 || total
---------------------------+-------+-------++-------
   Fire: Shortbow          |    92 |   147 ||   239
    Use: Scroll            |     8 |     5 ||    13
         Potion            |       |     2 ||     2
 Armour: Robe              |     8 |    16 ||    24
  Dodge: Dodged            |    31 |    45 ||    76

Table legend:
 A = Non-vault XP
 B = Vault XP
 C = Vault XP percentage of total XP
 D = Non-vault monster count
 E = Vault monster count
 F = Vault count percentage of total count
                 A         B        C        D         E       F
            +---------+---------+-------+---------+---------+-------
      Total |     525 |      83 |  13.7 |      70 |       6 |   7.9
            +---------+---------+-------+---------+---------+-------
        D:1 |      28 |       7 |  20.0 |      19 |       4 |  17.4
        D:2 |      21 |       0 |   0.0 |       9 |       0 |   0.0
        D:3 |     109 |      76 |  41.1 |      20 |       2 |   9.1
        D:4 |     296 |       0 |   0.0 |      19 |       0 |   0.0
        D:5 |      71 |       0 |   0.0 |       3 |       0 |   0.0
            +---------+---------+-------+---------+---------+-------
